 Dungeon Crawl Stone Soup version 0.32-a0-720-g1d96ad0 (webtiles) character file.

Game seed: 9003390768517625814

1456 PidgeyThePirate the Skirmisher (level 8, 0/60 HPs)
             Began as a Coglin Hunter on Mar 16, 2024.
             Was an Initiate of Okawaru.
             Slain by a centaur (2 damage)
             ... on level 6 of the Dungeon.
             The game lasted 00:09:19 (4415 turns).

PidgeyThePirate the Skirmisher (Coglin Hunter)      Turns: 4415, Time: 00:09:19

Health: 0/60       AC:  9    Str: 14    XL:     8   Next: 76%
Magic:  8/8        EV: 10    Int:  8    God:    Okawaru [......]
Gold:   120        SH:  0    Dex: 18    Spells: 7/7 levels left

rFire   . . .        a - +2 sling {Appia}
rCold   . . .        d - +0 sling {Paullus}
rNeg    . . .        k - +3 ring mail
rPois   .            (no helmet)
rElec   .            (no cloak)
rCorr   .            (no gloves)
SInv    .            l - +0 pair of boots
Will    .....        (amulet unavailable)
Stlth   +            (ring unavailable)
HPRegen 0.30/turn    (ring unavailable)
MPRegen 0.11/turn    (no gizmo)

%: no passive effects
@: revved
A: off-hand wielding, slow wielding, warmup strikes, no jewellery
a: Invent Gizmo, Renounce Religion


You were on level 6 of the Dungeon.
You worshipped Okawaru.
Okawaru was noncommittal.
You visited 2 branches of the dungeon, and saw 8 of its levels.

You collected 120 gold pieces.

Inventory:

Hand Weapons
 a - a +2 sling (weapon) {Appia}
 d - a +0 sling (offhand) {Paullus}
Armour
 c - a +1 pair of boots
 k - a +3 ring mail (worn)
 l - a +0 pair of boots (worn)
Wands
 n - a wand of flame (9)
Scrolls
 b - a scroll of butterflies
 e - 2 scrolls of teleportation {unknown}
 f - 5 scrolls of identify
 g - a scroll of noise {unknown}
 j - a scroll of fear
 m - a scroll of revelation {unknown}
Potions
 h - a potion of enlightenment
 i - a potion of brilliance


   Skills:
 + Level 3.7 Fighting
 * Level 9.7 Ranged Weapons
 + Level 1.0 Armour
 + Level 2.2 Dodging
 + Level 0.7 Stealth


You had 7 spell levels left.
You didn't know any spells.
Your spell library was empty.

Dungeon Overview and Level Annotations

Branches:
Dungeon (7/15)             Temple (1/1) D:5

Altars:
Ashenzari
Cheibriados
Dithmenos
Elyvilon
Hepliaklqana
Kikubaaqudgha
Makhleb
Okawaru
Ru
Sif Muna
Trog
Uskayaw
Vehumet
Wu Jian
Xom

Shops:
D:3 !!:*!   D:6 (

Portals:
Ossuary: D:6


Innate Abilities, Weirdness & Mutations

You can wield a second weapon in your off-hand.
It takes a long time for you to wield or remove held weapons.
Your first few attacks do less damage.
You cannot equip rings or amulets.


Message History

Aim: a steam dragon (almost dead, 66% to hit)
You shoot a sling bullet.
The sling bullet barely misses the steam dragon.
You shoot a sling bullet.
The sling bullet hits the steam dragon but does no damage.
The steam dragon is almost dead.
You are engulfed in a cloud of scalding steam.
The steam dragon breathes steam at you. The ball of steam hits you!
* * * LOW HITPOINT WARNING * * *
The steam dragon bites you!
* * * LOW HITPOINT WARNING * * *
The steam dragon claws you.
* * * LOW HITPOINT WARNING * * *
Fire: a) +2 sling {Appia}
Press: ? - help, Q - select action, (/) - cycle Shift-Dir - straight line, f/p - steam dragon
Aim: a steam dragon (almost dead, catching its breath, 66% to hit)
You shoot a sling bullet.
The sling bullet barely misses the steam dragon.
The sling bullet completely misses the centaur.
You shoot a sling bullet. The sling bullet hits the steam dragon.
The steam dragon is almost dead.
The steam dragon bites you.
* * * LOW HITPOINT WARNING * * *
The steam dragon claws you but does no damage.
Fire: a) +2 sling {Appia}
Press: ? - help, Q - select action, (/) - cycle Shift-Dir - straight line, f/p - steam dragon
Aim: a steam dragon (almost dead, 66% to hit)
You shoot a sling bullet.
The sling bullet closely misses the steam dragon.
The sling bullet closely misses the centaur.
You shoot a sling bullet. The sling bullet hits the steam dragon.
You kill the steam dragon!
Okawaru is honoured by your kill.
The centaur unwields a +0 orcbow.
The centaur hits you but does no damage.
The centaur kicks you.
You die...

#<.##...#......# #..#
##...........#.# ##..#
##............### #..##
#..............# ##..#
#...........##)######..##
##.........###.)........##
..(........###§§[.........##
...###.#...c.∩..§).).......#
.... #.#####@.§.§..........#
..c. #...>.................#
#..###.................##
...#+ #'#................# .
...#.#...............
###.#..#..............
..##.#..#..#........
..+.....##...#.....#
...#.....####.%.....#


You could see a centaur.

Vanquished Creatures
  Pikel (D:4)
  Sigmund (D:4)
  A steam dragon (D:6)
  A black bear (D:5)
  A sky beast (D:4)
  2 ogres (D:4)
  A phantom (D:5)
  2 lemures (D:4)
  A howler monkey (D:5)
  A hound (D:5)
  An orc priest (D:7)
  2 iguanas
  4 orc wizards
  3 gnolls (D:2)
  4 adders
  A ribbon worm (D:2)
  5 dart slugs
  15 orcs
  3 endoplasms
  5 giant cockroaches
  9 goblins
  2 hobgoblins
  4 jackals (D:2)
  A quokka (D:2)
  6 ball pythons
  3 bats
  A frilled lizard (D:1)
  7 kobolds
  5 rats
93 creatures vanquished.

Notes
Turn   | Place    | Note
-------+----------+-------------------------------------------
     0 | D:1      | PidgeyThePirate the Coglin Hunter began the quest for the
                  | Orb.
     0 | D:1      | Reached XP level 1. HP: 16/16 MP: 1/1
   182 | D:1      | Reached skill level 4 in Ranged Weapons
   182 | D:1      | Reached XP level 2. HP: 22/22 MP: 2/2
   453 | D:1      | Reached XP level 3. HP: 27/27 MP: 3/3
   459 | D:1      | Found a faded altar of an unknown god.
   876 | D:2      | Reached skill level 5 in Ranged Weapons
   876 | D:2      | Reached XP level 4. HP: 21/33 MP: 4/4
  1481 | D:3      | Found Tuqib's Distillery.
  1578 | D:3      | Found Palax's Assorted Antiques.
  1619 | D:3      | Found Ziru's Book Shoppe.
  1661 | D:3      | Found Qiypsa's Distillery.
  1703 | D:3      | Found Icvaurorho's Distillery.
  1755 | D:3      | Found a snail-covered altar of Cheibriados.
  2127 | D:3      | Reached XP level 5. HP: 38/38 MP: 5/5
  2288 | D:4      | Noticed Sigmund
  2296 | D:4      | Killed Sigmund
  2297 | D:4      | Reached skill level 6 in Ranged Weapons
  2297 | D:4      | Reached XP level 6. HP: 38/44 MP: 6/6
  2406 | D:4      | Noticed Pikel
  2444 | D:4      | Killed Pikel
  2445 | D:4      | Reached skill level 8 in Ranged Weapons
  2445 | D:4      | Reached XP level 7. HP: 19/51 MP: 7/7
  2706 | D:4      | Reached XP level 8. HP: 53/58 MP: 8/8
  3363 | D:4      | Found a bloodstained altar of Trog.
  3543 | D:5      | Entered Level 5 of the Dungeon
  3600 | D:5      | Reached skill level 9 in Ranged Weapons
  3701 | D:5      | Found a staircase to the Ecumenical Temple.
  3762 | Temple   | Entered the Ecumenical Temple
  3773 | Temple   | Became a worshipper of Warmaster Okawaru
  3804 | D:5      | You fall into a shaft and drop 2 floors!
  3844 | D:7      | Reached skill level 1 in Armour
  4116 | D:6      | Found Leasikla's Weapon Boutique.
  4205 | D:6      | Found a sand-covered staircase.
  4414 | D:6      | HP: 2/60 [steam dragon (4)]
  4415 | D:6      | Slain by a centaur

Illustrated notes

Levels and vault maps discovered:
D:1:      dpeg_arrival_rooms_c, layout_loops_corners,
          shapermc_ecumenical_altar_mp_ritualfount,
          kennysheep_decorative_pillar, st_stairs_1, nrook_campfire,
          minmay_splitting_lines
D:2:      layout_basic, serial_forest, infiniplex_forest_end_1,
          infiniplex_forest_corner_1, infiniplex_forest_straight_3,
          infiniplex_forest_straight_5, infiniplex_forest_clump_tiny,
          infiniplex_forest_lined_corner, infiniplex_forest_fountain,
          infiniplex_forest_lined_2
D:3:      layout_basic, mainiacjoe_overflow_cross_hatched, serial_shops,
          nicolae_shop_peninsula, shop, nicolae_shop_window_shopping,
          nicolae_shop_hallway_stairs, shop
D:4:      layout_basic, kennysheep_mini_moat, nicolae_eternal_life, uniq_pikel,
          uniq_sigmund
D:5:      layout_basic, nicolae_gozag_cash_rules_everything_around_me,
          minmay_temple_entry_arrows, uniq_ijyb
D:6:      layout_rooms, mainiacjoe_overflow_six_doors_small,
          gammafunk_ghost_hive, serial_shops, shop,
          nicolae_ossuary_entry_monument
D:7:      layout_layer_cave, yredelemnul_altar_generic, serial_co_window_serial,
          co_window_paths_b, co_window_cross_1, co_window_of_opportunity_a,
          co_window_paths_a, co_window_paths_b, co_window_paths_b,
          co_window_corner_a, co_window_cross_1, co_window_paths_b,
          co_window_2corner, co_window_paths_c, co_window_corner_b,
          glass_columns_a, glass_columns_a, glass_columns_b, glass_columns_c,
          glass_columns_c, eino_curves_04, serial_park_tiny_2,
          uniq_prince_ribbit1
Temple:   nicolae_temple_ecumenical_triangle

Skill      XL: |  1  2  3  4  5  6  7  8 |
---------------+-------------------------+-----
Ranged Weapons | 4 5 6 8 9 |  9.7
Dodging        | 2 |  2.2
Fighting       | 3 |  3.7
Armour         | 1 |  1.0
Stealth        | |  0.7

Action                     |  1- 3 |  4- 6 |  7- 9 || total
---------------------------+-------+-------+-------++-------
   Fire: Sling             |    92 |   218 |   292 ||   602
    Use: Potion            |       |     4 |     1 ||     5
         Scroll            |       |       |     2 ||     2
 Armour: Leather armour    |    12 |       |       ||    12
         Ring mail         |       |    17 |    78 ||    95
         Skin              |       |    23 |       ||    23
  Dodge: Dodged            |     5 |    14 |    29 ||    48

Table legend: (Time is in decaauts)
 A = Elapsed time spent in this place.
 B = Non-inter-level travel time spent in this place.
 C = Inter-level travel time spent in this place.
 D = Time resting spent in this place.
 E = Time spent auto-exploring this place.
 F = Levels seen in this place.
 G = Mean time per level.
                   A        B        C        D        E       F      G
               +--------+--------+--------+--------+--------+-----+--------+
         Total |   4454 |   4191 |    263 |      0 |   3483 |   8 |  556.8 |
       Dungeon |   4423 |   4170 |    253 |      0 |   3483 |   7 |  631.9 |
        Temple |     30 |     20 |     10 |      0 |      0 |   1 |   30.0 |
               +--------+--------+--------+--------+--------+-----+--------+

Top non-repeatable levels by time:
     D:4: 1264 daAuts
     D:1: 874 daAuts
     D:3: 813 daAuts
     D:2: 625 daAuts
     D:5: 352 daAuts
     D:7: 311 daAuts
     D:6: 181 daAuts
  Temple: 30 daAuts
